Unix NetHack Version 5.0.0-0 post-release - last build May 17 2026 04:57:42 (dc50c8380fa5e20985bfe3072449f57b8d9895ef,branch:main).

Game began 2026-05-20 14:33:05, ended 2026-05-20 14:53:12.

Doran, lawful male human Samurai

   ------                                              ----------------
   |....|                                              |..............|
   |.....#### ----------            #                  |..............|
   |....|   # |......F.|            #                  |...............#
   --.---   ##-<.......|         ---.-                 |..............|#
     #      # |........|         |.S@|                 --------.-------#
     #      # --.----.--         |.SSS#                       ##       #
     #      #   ###  ##          |.>S|###                     #        #
     #      #     ##  #          -|---  #                     #        #
     ##     #      #  #           #     ###                ####       ##
      #    ##      #  ####        #       ##               #         ##
      #    #       ##    #        #        ##       ########         #
 -----.--  #     ---.----.-       #         ##   )##########        ##
 |.......########-........|      ##          ####--.-------|-----   #------
 |....0.|  #     |........|     ##              #-..............|   #|[]??|
 |......| ##     |.........#   -.--------        |..............|   #|.%[!|
 |......| #      ----------####|........|        |..............|   #|%.*)|
 |.......##                   #..........        |..............|   #-.%.?|
 --------                      ----------        ----------------    ------

Doran the Ronin        St:17 Dx:15 Co:18 In:9 Wi:8 Ch:9  Lawful S:761
Dlvl:2  $:129 HP:0(39) Pw:14(14) AC:4  Xp:4 T:1519 

Latest messages:
 You finish eating the lichen corpse.
 What do you want to eat? [gilpq or ?*] i
 This lichen corpse tastes okay.
 You finish eating the lichen corpse.
 What do you want to eat? [gilpq or ?*] i
 This lichen corpse tastes okay.
 You finish eating the lichen corpse.
 What do you want to eat? [glpq or ?*] ?
 This melon is delicious!
 What do you want to eat? [glpq or ?*] g
 This melon is delicious!
 What do you want to dip? [a-fhj-mo-zAC-I or ?*] t
 Dip a cursed dark green potion into the fountain? [yn] (n) y
 Your dark green potion dilutes.
 The fountain dries up!
 You hear the chime of a cash register.
 Where do you want to travel to?
 (For instructions type a '?')
 What do you want to dip? [a-fhj-mo-zAC-I or ?*] t
 Dip a cursed diluted dark green potion into the fountain? [yn] (n) y
 Your diluted dark green potion dilutes further.
 You spot a gem in the sparkling waters!
 M - a black gem.
 What do you want to dip? [a-fhj-mo-zAC-IM or ?*] ?
 Dip an uncursed brown potion into the fountain? [yn] (n) y
 Your brown potion dilutes.
 An endless stream of snakes pours forth!
 What do you want to wield? [- a-dmC or ?*] a
 a - a +0 katana (weapon in right hand).
 The water moccasin bites!
 The water moccasin bites!
 The water moccasin bites!
 The water moccasin bites!
 The water moccasin misses!
 There is a fountain here.
 You hit the water moccasin.
 The water moccasin misses!
 The water moccasin bites!
 The water moccasin misses!
 The water moccasin bites!
 You hit the water moccasin!
 The water moccasin bites!
 What do you want to zap? [hz or ?*] h
 In what direction? k
 The water moccasin bites!
 The water moccasin bites!
 The water moccasin bites!
 You die...
 Do you want your possessions identified? [ynq] (y) y
 Do you want to see your attributes? [ynq] (y) q

Inventory:
 Coins    ('$')
  $ - 129 gold pieces
 Weapons  (')')
  C - 9 +0 arrows
  d - 38 +0 ya (in quiver)
  c - a +0 yumi
  a - a +0 katana (weapon in right hand)
  b - a +0 wakizashi (alternate weapon; not wielded)
  m - the +1 Werebane
 Armor    ('[')
  e - an uncursed rustproof +0 splint mail (being worn)
 Comestibles  ('%')
  l - 3 uncursed gunyoki
  p - an uncursed lembas wafer
  q - an uncursed tripe ration
 Scrolls  ('?')
  G - an uncursed scroll of genocide
  H - an uncursed scroll of remove curse
  s - a blessed scroll of stinking cloud
 Potions  ('!')
  j - a blessed potion of fruit juice
  k - an uncursed potion of monster detection
  r - an uncursed diluted potion of see invisible
  t - an uncursed potion of water
 Rings    ('=')
  u - an uncursed ring of shock resistance
  o - an uncursed ring of slow digestion
 Wands    ('/')
  h - a wand of digging (0:6)
  z - a wand of nothing (0:12)
 Tools    ('(')
  f - an uncursed blindfold
  A - a cursed magic lamp (lit)
  x - an uncursed skeleton key
 Gems/Stones  ('*')
  w - 2 uncursed amber stones
  E - an uncursed jasper stone
  M - an uncursed worthless piece of black glass
  v - an uncursed worthless piece of blue glass
  y - an uncursed worthless piece of orange glass
  F - an uncursed worthless piece of red glass
  D - an uncursed worthless piece of white glass
  I - an uncursed worthless piece of yellow glass

Doran the Samurai's attributes:

Background:
 You were a Ronin, a level 4 male human Samurai.
 You were lawful, on a mission for Amaterasu Omikami
 who was opposed by Raijin (neutral) and Susanowo (chaotic).
 You were right-handed.
 You were in the Dungeons of Doom, on level 2.
 You entered the dungeon 1519 turns ago.
 You had 118 experience points, 42 more were needed to attain level 5.
 Your score was 761 before end-of-game adjustments.

Basics:
 You had 0 out of 39 hit points.
 You had all 14 energy points (spell power).
 Your armor class was 4.
 Your wallet contained 129 zorkmids.
 Autopickup was on for '$"?/=+!*' plus thrown, with exceptions.

Final Characteristics:
 Your strength was 17 (limit:18/100).
 Your dexterity was 15 (limit:18).
 Your constitution was 18 (limit:18).
 Your intelligence was 9 (limit:18).
 Your wisdom was 8 (limit:18).
 Your charisma was 9 (limit:18).

Final Status:
 You weren't hungry.
 You were unencumbered.
 You were wielding a long sword.
 You had basic skill with long sword.

Final Attributes:
 You were devoutly aligned.
 You were warded.
 You were fast.
 You are dead.

Miscellaneous:
 You didn't encounter any bones levels.
 Total elapsed playing time was 20 minutes and 6 seconds.

Major events:
 Turn
    1: Doran the lawful male human Samurai entered the dungeon
  216: found Werebane on the floor
  549: attained the rank of Ronin (level 3)
 1180: entered the Gnomish Mines
 1519: killed by a water moccasin

You didn't know any spells.

Skills:
 Fighting Skills
   martial arts      [Basic]
   two weapon combat [Unskilled]
   riding            [Unskilled]
 Weapon Skills
   dagger            [Unskilled]
   knife             [Unskilled]
   short sword       [Basic]
   broadsword        [Unskilled]
   long sword        [Basic]
   two-handed sword  [Unskilled]
   saber             [Unskilled]
   flail             [Unskilled]
   quarterstaff      [Unskilled]
   polearms          [Unskilled]
   spear             [Unskilled]
   lance             [Unskilled]
   bow               [Basic]
   shuriken          [Unskilled]
 Spellcasting Skills
   attack spells     [Unskilled]
   divination spells [Unskilled]
   clerical spells   [Unskilled]

Voluntary challenges:
 Character rerolling was not enabled.
 You never genocided any monsters.
 You never polymorphed an object.
 You never changed form.
 You used no wishes.
Achievements:
 You attained the rank of Ronin.
 You entered a shop.
 You entered the Gnomish Mines.

 The Dungeons of Doom: levels 1 to 4
    Level 1:
       A fountain.
    Level 2: <- You were here.
       A general store, a fountain.
       Final resting place for
          you, killed by a water moccasin.
    Level 3:
       An altar to Amaterasu Omikami.
       Stairs down to The Gnomish Mines.
    Level 4:
 The Gnomish Mines:
    Level 4:


Vanquished creatures:
  a gnome leader
  a wererat
  2 iguanas
 an acid blob
  a brown mold
  a yellow mold
  a red mold
  7 gnomes
  3 jackals
  a fox
  2 goblins
  a sewer rat
  4 grid bugs
  5 lichens
  3 newts
34 creatures vanquished.

No species were genocided or became extinct.

Game over:
                       ----------
                      /          \
                     /    REST    \
                    /      IN      \
                   /     PEACE      \
                  /                  \
                  |      Doran       |
                  |      129 Au      |
                  |   killed by a    |
                  |  water moccasin  |
                  |                  |
                  |                  |
                  |       2026       |
                 *|     *  *  *      | *
        _________)/\\_//(\/(/\)/\//\/|_)_______

Sayonara Doran the Samurai...

You died in The Dungeons of Doom on dungeon level 2 with 749 points,
and 129 pieces of gold, after 1519 moves.
You were level 4 with a maximum of 39 hit points when you died.

